| TOP OF THE 1ST |
|
University of California Golden Bears batting - Pitching for University of Michigan Wolverines : LHP Omar Gutierrez
|
|
Pitching: LHP Omar Gutierrez
|
|
|
Batting: LHB Luis Orellana
|
0-0: Ball 1-0: SINGLE (Groundball, 4, EV 96.2 MPH)
|
|
Batting: RHB Tim Spence
|
0-0: Ball 1-0: Swinging Strike 1-1: Ball 2-1: Ball 3-1: Called Strike 3-2: Foul Ball, location: 2F 3-2: Fly out, F3 (Popup, 3SF, EV 69.4 MPH)
|
|
Batting: LHB Carlos Gaona
|
0-0: Called Strike 0-1: Swinging Strike 0-2: Strikes out swinging
|
|
Batting: RHB Nate Mahon
|
0-0: Called Strike 0-1: Called Strike 0-2: Fly out, F8 (Flyball, 8RM, EV 95.6 MPH)
|
| Top of the 1st over - 0 runs, 1 hit, 0 errors, 1 left on base; University of California 0 - University of Michigan 0 |
| BOTTOM OF THE 1ST |
|
University of Michigan Wolverines batting - Pitching for University of California Golden Bears : LHP Jackson Cote
|
|
Pitching: LHP Jackson Cote
|
|
|
Batting: RHB Chris Williamson
|
0-0: Ball 1-0: Called Strike 1-1: Called Strike 1-2: Strikes out swinging
|
|
Batting: RHB Danny Arroyo
|
0-0: Fly out, F8 (Flyball, 89D, EV 79.4 MPH)
|
|
Batting: RHB Quirino Portel
|
0-0: Ball 1-0: Ball 2-0: Foul Ball, location: 2F 2-1: Ball 3-1: Called Strike 3-2: Strikes out swinging
|
| Bottom of the 1st over - 0 runs, 0 hits, 0 errors, 0 left on base; University of California 0 - University of Michigan 0 |
| TOP OF THE 2ND |
|
University of California Golden Bears batting - Pitching for University of Michigan Wolverines : LHP Omar Gutierrez
|
|
Batting: SHB Nick Jansen
|
0-0: Called Strike 0-1: Ball 1-1: SINGLE (Line Drive, 4MD, EV 98.1 MPH)
|
|
Batting: RHB Juan Debayle
|
0-0: Ball 1-0: Swinging Strike 1-1: Ball 2-1: Foul Ball, location: 2F 2-2: Foul Ball, location: 2F 2-2: Foul Ball, location: 2F 2-2: 2-RUN HOME RUN (Flyball, 7LD, EV 95.0 MPH), Distance : 351 ft
|
|
Batting: RHB Mike Wilson
|
0-0: Ball 1-0: Ball 2-0: Swinging Strike 2-1: Foul Ball, location: 2F 2-2: TRIPLE (Flyball, 89XD, EV 96.2 MPH)
|
|
Batting: LHB Jonathan Sosa
|
0-0: Called Strike 0-1: Fly out, F8 (Flyball, 8RD, EV 87.5 MPH) Runner from 3rd tags up, SCORES, no throw by CF
|
|
Batting: RHB Bill Gallardo
|
0-0: Ball 1-0: Ball 2-0: Foul Ball, location: 2F 2-1: Swinging Strike 2-2: Foul Ball, location: 2F 2-2: Strikes out swinging
|
|
Batting: LHB Luis Orellana
|
0-0: Foul Ball, location: 2F 0-1: Ball 1-1: Foul Ball, location: 2F 1-2: Strikes out swinging
|
| Top of the 2nd over - 3 runs, 3 hits, 0 errors, 0 left on base; University of California 3 - University of Michigan 0 |
| BOTTOM OF THE 2ND |
|
University of Michigan Wolverines batting - Pitching for University of California Golden Bears : LHP Jackson Cote
|
|
Batting: LHB Lance Sabo
|
0-0: Ball 1-0: Foul Ball, location: 2F 1-1: Ground out U3 (Groundball, 34, EV 82.5 MPH)
|
|
Batting: RHB Aaron Marakovits
|
0-0: Ground out 6-3 (Groundball, 6, EV 103.1 MPH)
|
|
Batting: RHB Mario Cruz
|
0-0: Ball 1-0: Ball 2-0: Called Strike 2-1: Fly out, F7 (Line Drive, 7, EV 101.9 MPH)
|
| Bottom of the 2nd over - 0 runs, 0 hits, 0 errors, 0 left on base; University of California 3 - University of Michigan 0 |
| TOP OF THE 3RD |
|
University of California Golden Bears batting - Pitching for University of Michigan Wolverines : LHP Omar Gutierrez
|
|
Batting: RHB Tim Spence
|
0-0: SINGLE (Line Drive, 7LS, EV 106.9 MPH)
|
|
Batting: LHB Carlos Gaona
|
Balk! Tim Spence to second 0-0: Foul Ball, location: 2F 0-1: Ball 1-1: Ball 2-1: Called Strike 2-2: Ball 3-2: Foul Ball, location: 2F 3-2: Foul Ball, location: 2F 3-2: Foul Ball, location: 2F 3-2: Strikes out swinging
|
|
Batting: RHB Nate Mahon
|
0-0: Foul Ball, location: 2F 0-1: Ball 1-1: Foul Ball, location: 2F 1-2: Foul Ball, location: 2F 1-2: SINGLE (Line Drive, 89S, EV 103.1 MPH) Tim Spence to third
|
|
Batting: SHB Nick Jansen
|
0-0: Ball 1-0: Called Strike 1-1: Foul Ball, location: 2F 1-2: Foul Ball, location: 2F 1-2: Ball 2-2: SINGLE (Flyball, 3D, EV 86.2 MPH) Tim Spence scores Nate Mahon to second
|
|
Batting: RHB Juan Debayle
|
0-0: Ball 1-0: Called Strike 1-1: Foul Ball, location: 2F 1-2: Ball 2-2: Strikes out looking
|
|
Batting: RHB Mike Wilson
|
0-0: Ball 1-0: Ball 2-0: Called Strike 2-1: Ball 3-1: Base on Balls Nate Mahon to third Nick Jansen to second
|
|
Batting: LHB Jonathan Sosa
|
0-0: Reached on error, E7 (Flyball, 7S, EV 73.1 MPH) Nate Mahon scores Nick Jansen scores Mike Wilson to third
|
|
Batting: RHB Bill Gallardo
|
0-0: Ball 1-0: Ball 2-0: Foul Ball, location: 2F 2-1: Called Strike 2-2: Ball 3-2: Base on Balls
|
|
Batting: LHB Luis Orellana
|
0-0: Ball 1-0: Called Strike 1-1: Ball 2-1: Ball 3-1: Called Strike 3-2: Foul Ball, location: 2F 3-2: Strikes out swinging
|
| Top of the 3rd over - 3 runs, 3 hits, 1 error, 3 left on base; University of California 6 - University of Michigan 0 |
| BOTTOM OF THE 3RD |
|
University of Michigan Wolverines batting - Pitching for University of California Golden Bears : LHP Jackson Cote
|
|
Batting: SHB Henrik Berg
|
0-0: Ball 1-0: Swinging Strike 1-1: Ball 2-1: Swinging Strike 2-2: Foul Ball, location: 2F 2-2: Foul Ball, location: 2F 2-2: Foul Ball, location: 2F 2-2: Ball 3-2: Strikes out swinging
|
|
Batting: LHB Murdock Cranton
|
0-0: Ball 1-0: Ground out U3 (Groundball, 34S, EV 79.4 MPH)
|
|
Batting: RHB Torsten Ernst
|
0-0: Ball 1-0: Ball 2-0: Ball 3-0: Base on Balls
|
|
Batting: RHB Chris Williamson
|
0-0: Ball 1-0: Foul Ball, location: 2F 1-1: Ball 2-1: Foul Ball, location: 2F 2-2: Foul Ball, location: 2F 2-2: Ball 3-2: Strikes out swinging
|
| Bottom of the 3rd over - 0 runs, 0 hits, 0 errors, 1 left on base; University of California 6 - University of Michigan 0 |
| TOP OF THE 4TH |
|
University of California Golden Bears batting - Pitching for University of Michigan Wolverines : LHP Omar Gutierrez
|
|
Batting: RHB Tim Spence
|
0-0: SINGLE (Groundball, 6M, EV 108.1 MPH) (infield hit)
|
|
Batting: LHB Carlos Gaona
|
0-0: Ball 1-0: Ball 2-0: Ball 3-0: Base on Balls Tim Spence to second
|
|
Batting: RHB Nate Mahon
|
0-0: Ball 1-0: Foul Ball, location: 2F 1-1: Foul Ball, location: 2F 1-2: Ball 2-2: Ball 3-2: Base on Balls Tim Spence to third Carlos Gaona to second
|
|
Batting: SHB Nick Jansen
|
0-0: Fielders Choice at 2nd, 3-6 (Groundball, 34, EV 98.8 MPH) Tim Spence scores Carlos Gaona to third
|
|
Batting: RHB Juan Debayle
|
0-0: Fly out, F7 (Flyball, 7, EV 85.0 MPH) Runner from 3rd tags up, OUT at HOME! 7-2
|
| Top of the 4th over - 1 run, 1 hit, 0 errors, 1 left on base; University of California 7 - University of Michigan 0 |
| BOTTOM OF THE 4TH |
|
University of Michigan Wolverines batting - Pitching for University of California Golden Bears : LHP Jackson Cote
|
|
Batting: RHB Danny Arroyo
|
0-0: Fly out, F8 (Flyball, 8RS, EV 80.6 MPH)
|
|
Batting: RHB Quirino Portel
|
0-0: Ball 1-0: Fly out, F4 (Popup, 3D, EV 55.0 MPH)
|
|
Batting: LHB Lance Sabo
|
0-0: Ball 1-0: SINGLE (Line Drive, 9S, EV 98.8 MPH)
|
|
Batting: RHB Aaron Marakovits
|
0-0: Called Strike 0-1: Foul Ball, location: 2F 0-2: Strikes out swinging
|
| Bottom of the 4th over - 0 runs, 1 hit, 0 errors, 1 left on base; University of California 7 - University of Michigan 0 |
| TOP OF THE 5TH |
|
University of California Golden Bears batting - Pitching for University of Michigan Wolverines : LHP Omar Gutierrez
|
|
Batting: RHB Mike Wilson
|
0-0: Fly out, F9 (Line Drive, 9, EV 90.0 MPH)
|
|
Batting: LHB Jonathan Sosa
|
0-0: Fly out, F7 (Flyball, 7, EV 90.0 MPH)
|
|
Batting: RHB Bill Gallardo
|
0-0: Ground out 2-3 (Groundball, 2R, EV 71.2 MPH)
|
| Top of the 5th over - 0 runs, 0 hits, 0 errors, 0 left on base; University of California 7 - University of Michigan 0 |
| BOTTOM OF THE 5TH |
|
University of Michigan Wolverines batting - Pitching for University of California Golden Bears : LHP Jackson Cote
|
|
Batting: RHB Mario Cruz
|
0-0: Hit by Pitch
|
|
Batting: SHB Henrik Berg
|
0-0: Sac Bunt to 13S - play at first, batter OUT! 1-3 Mario Cruz to second
|
|
Batting: LHB Murdock Cranton
|
0-0: Swinging Strike 0-1: Fly out, F8 (Line Drive, 8RM, EV 99.4 MPH)
|
|
Batting: RHB Torsten Ernst
|
0-0: Called Strike 0-1: Ground out 6-3 (Groundball, 6, EV 88.1 MPH)
|
| Bottom of the 5th over - 0 runs, 0 hits, 0 errors, 1 left on base; University of California 7 - University of Michigan 0 |
| TOP OF THE 6TH |
|
University of California Golden Bears batting - Pitching for University of Michigan Wolverines : LHP Omar Gutierrez
|
|
Batting: LHB Luis Orellana
|
0-0: Swinging Strike 0-1: Ground out U3 (Groundball, 34S, EV 85.0 MPH)
|
|
Batting: RHB Tim Spence
|
0-0: SINGLE (Line Drive, 56, EV 94.4 MPH)
|
|
Batting: LHB Carlos Gaona
|
0-0: Foul Ball, location: 2F 0-1: Ball 1-1: SINGLE (Line Drive, 4MD, EV 100.0 MPH) Tim Spence to second
|
|
Batting: RHB Nate Mahon
|
0-0: SINGLE (Line Drive, 9S, EV 108.8 MPH) Tim Spence to third Carlos Gaona to second
|
|
Batting: SHB Nick Jansen
|
0-0: Called Strike 0-1: Swinging Strike 0-2: Foul Ball, location: 2F 0-2: Ball 1-2: Ball 2-2: Strikes out swinging
|
|
Batting: RHB Juan Debayle
|
0-0: SINGLE (Flyball, 8RS, EV 93.1 MPH) Tim Spence scores Carlos Gaona to third Nate Mahon to second Runner from 3rd tries for Home, SAFE, throw by CF to home
|
|
Batting: RHB Mike Wilson
|
0-0: Ball 1-0: Called Strike 1-1: Foul Ball, location: 2F 1-2: Ball Balk! Nate Mahon to third Juan Debayle to second 2-2: Ball Wild Pitch! Nate Mahon scores Juan Debayle to third 3-2: Base on Balls
|
|
Batting: LHB Jonathan Sosa
|
0-0: Foul Ball, location: 2F 0-1: Ball 1-1: Foul Ball, location: 2F 1-2: Foul Ball, location: 2F 1-2: Strikes out looking
|
| Top of the 6th over - 3 runs, 4 hits, 0 errors, 2 left on base; University of California 10 - University of Michigan 0 |
| BOTTOM OF THE 6TH |
|
University of Michigan Wolverines batting - Pitching for University of California Golden Bears : LHP Jackson Cote
|
|
Batting: RHB Chris Williamson
|
0-0: Called Strike 0-1: Foul Ball, location: 2F 0-2: Ball 1-2: Ball 2-2: Strikes out looking
|
|
Batting: RHB Danny Arroyo
|
0-0: Called Strike 0-1: SINGLE (Line Drive, 7LS, EV 95.6 MPH)
|
|
Batting: RHB Quirino Portel
|
0-0: Called Strike 0-1: SINGLE (Flyball, 89S, EV 91.9 MPH) Danny Arroyo to second
|
|
Batting: LHB Lance Sabo
|
0-0: Ball 1-0: Ball 2-0: Fly out, F7 (Flyball, 7, EV 83.1 MPH)
|
|
Batting: RHB Aaron Marakovits
|
0-0: Called Strike 0-1: Swinging Strike 0-2: Strikes out swinging
|
| Bottom of the 6th over - 0 runs, 2 hits, 0 errors, 2 left on base; University of California 10 - University of Michigan 0 |
| TOP OF THE 7TH |
|
University of California Golden Bears batting - Pitching for University of Michigan Wolverines : LHP Omar Gutierrez
|
|
Batting: RHB Bill Gallardo
|
0-0: Called Strike 0-1: Ground out 1-3 (Groundball, 13, EV 62.5 MPH)
|
|
Batting: LHB Luis Orellana
|
0-0: Swinging Strike 0-1: SINGLE (Groundball, 4, EV 104.4 MPH)
|
|
Batting: RHB Tim Spence
|
0-0: Ball 1-0: DOUBLE (Line Drive, 7LS, EV 102.5 MPH) Luis Orellana to third Runner from 3rd tries for Home, SAFE, no throw by LF
|
|
Batting: LHB Carlos Gaona
|
0-0: Called Strike 0-1: Foul Ball, location: 2F 0-2: Ball 1-2: Ball 2-2: Ball Passed Ball! Tim Spence to third 3-2: Base on Balls
|
|
Batting: RHB Nate Mahon
|
0-0: Called Strike 0-1: Grounds into double play, 5-4-3 (Groundball, 56, EV 91.9 MPH)
|
| Top of the 7th over - 1 run, 2 hits, 0 errors, 1 left on base; University of California 11 - University of Michigan 0 |
| BOTTOM OF THE 7TH |
|
University of Michigan Wolverines batting - Pitching for University of California Golden Bears : LHP Jackson Cote
|
|
Batting: RHB Mario Cruz
|
0-0: Foul Ball, location: 2F 0-1: Ground out 5-3 (Groundball, 56, EV 89.4 MPH)
|
|
Batting: SHB Henrik Berg
|
0-0: Called Strike 0-1: Ball 1-1: Swinging Strike 1-2: Ball 2-2: Strikes out swinging
|
|
Batting: LHB Murdock Cranton
|
0-0: Ball 1-0: Foul Ball, location: 2F 1-1: Ball 2-1: Ball 3-1: Called Strike 3-2: Foul Ball, location: 2F 3-2: Base on Balls
|
|
Batting: RHB Torsten Ernst
|
0-0: Fly out, F9 (Flyball, 89D, EV 98.8 MPH)
|
| Bottom of the 7th over - 0 runs, 0 hits, 0 errors, 1 left on base; University of California 11 - University of Michigan 0 |
| TOP OF THE 8TH |
|
University of California Golden Bears batting - Pitching for University of Michigan Wolverines : LHP Omar Gutierrez
|
|
Batting: SHB Nick Jansen
|
0-0: SINGLE (Groundball, 6MS, EV 83.1 MPH) (infield hit)
|
|
Batting: RHB Juan Debayle
|
0-0: Foul Ball, location: 2F 0-1: SINGLE (Groundball, 4MS, EV 65.6 MPH) (infield hit) Nick Jansen to second
|
|
Batting: RHB Mike Wilson
|
0-0: SINGLE (Line Drive, 8LS, EV 98.8 MPH) Nick Jansen to third Juan Debayle to second
|
|
Batting: LHB Jonathan Sosa
|
0-0: Fielders Choice at 2nd, 4-6 (Groundball, 34, EV 83.8 MPH) Nick Jansen scores Juan Debayle to third
|
|
Batting: RHB Bill Gallardo
|
0-0: Fly out, F4 (Popup, 23, EV 93.1 MPH)
|
|
Batting: LHB Luis Orellana
|
0-0: Ball 1-0: Ball 2-0: Ball 3-0: Called Strike 3-1: Swinging Strike 3-2: Base on Balls Jonathan Sosa to second
|
|
Batting: RHB Tim Spence
|
0-0: Fly out, F7 (Flyball, 78M, EV 87.5 MPH)
|
| Top of the 8th over - 1 run, 3 hits, 0 errors, 3 left on base; University of California 12 - University of Michigan 0 |
| BOTTOM OF THE 8TH |
|
University of Michigan Wolverines batting - Pitching for University of California Golden Bears : LHP Jackson Cote
|
|
Batting: RHB Chris Williamson
|
0-0: Foul Ball, location: 2F 0-1: Ball 1-1: Foul Ball, location: 2F 1-2: Strikes out swinging
|
|
Batting: RHB Danny Arroyo
|
0-0: Ball 1-0: Ground out 5-3 (Groundball, 56S, EV 86.9 MPH)
|
|
Batting: RHB Quirino Portel
|
0-0: Called Strike 0-1: Ball 1-1: Ground out 5-3 (Groundball, 5, EV 86.9 MPH)
|
| Bottom of the 8th over - 0 runs, 0 hits, 0 errors, 0 left on base; University of California 12 - University of Michigan 0 |
| TOP OF THE 9TH |
|
University of California Golden Bears batting - Pitching for University of Michigan Wolverines : LHP Omar Gutierrez
|
|
Batting: LHB Carlos Gaona
|
0-0: Called Strike 0-1: Called Strike 0-2: Fly out, F7 (Flyball, 7S, EV 80.6 MPH)
|
|
Batting: RHB Nate Mahon
|
0-0: Ball 1-0: Foul Ball, location: 2F 1-1: Swinging Strike 1-2: Ball 2-2: Strikes out swinging
|
|
Batting: SHB Nick Jansen
|
0-0: Swinging Strike 0-1: Ball 1-1: SINGLE (Flyball, 4D, EV 81.2 MPH)
|
|
Batting: RHB Juan Debayle
|
0-0: Called Strike 0-1: SINGLE (Groundball, 25, EV 69.4 MPH) (infield hit) Nick Jansen to second
|
|
Batting: RHB Ken Hahn
|
0-0: Fly out, F9 (Flyball, 9S, EV 85.0 MPH)
|
| Top of the 9th over - 0 runs, 2 hits, 0 errors, 2 left on base; University of California 12 - University of Michigan 0 |
| BOTTOM OF THE 9TH |
|
University of Michigan Wolverines batting - Pitching for University of California Golden Bears : LHP Jackson Cote
|
|
Batting: LHB Lance Sabo
|
0-0: SINGLE (Line Drive, 7S, EV 93.8 MPH)
|
|
Batting: RHB Aaron Marakovits
|
0-0: Fielders Choice at 2nd, 3-6 (Groundball, 34S, EV 81.2 MPH)
|
|
Batting: RHB Mario Cruz
|
0-0: Ball 1-0: Called Strike 1-1: Called Strike 1-2: Strikes out looking
|
|
Batting: SHB Henrik Berg
|
0-0: Called Strike 0-1: Ball 1-1: Called Strike 1-2: Strikes out swinging
|
| Bottom of the 9th over - 0 runs, 1 hit, 0 errors, 1 left on base; University of California 12 - University of Michigan 0 |
|